Map: Goldenaura LE

Players

bobnelson

  • Race: Protoss Protoss
  • League: Diamond
  • Spawn Location: 12:00

SubN - Winner!

  • Race: Zerg Zerg
  • League: Diamond
  • Spawn Location: 5:00

VOD

Have the link to the VOD?

Description

Time

  • Played on: Nov. 18, 2023, 7:06 p.m.
  • Length: 1:59
Show
View Real Time Build Order
Export as new Build Order

bobnelson Protoss 

Build Orders: Cannon Rush 

Get SALT Encoding   

  12  0:00  Probe  
  13  0:12  Probe  
  14  0:25  Probe  
  14  0:26  Pylon  
  15  0:44  Probe  
  15  0:45  Forge  
  16  0:56  Probe  
  17  1:07  Pylon  
  17  1:08  Probe  
  18  1:28  Photon Cannon  
  18  1:33  Photon Cannon  
  18  1:34  Photon Cannon  
  17  1:40  Probe  
Show
View Real Time Build Order
Export as new Build Order

SubN Zerg - Winner!

Build Orders: Hatch First 

Get SALT Encoding   

  12  0:00  Drone  
  13  0:12  Overlord  
  13  0:16  Drone  
  14  0:30  Drone x2  
  16  0:49  Hatchery  
  15  0:54  Drone  
  15  0:55  Drone  
  17  0:59  Drone  
  17  1:03  Extractor  
  17  1:23  Spawning Pool  
  16  1:44  Drone x3  
Tags
 
Add a new tag
Caveats
  • Supply blocks, unpowered buildings, or Contaminate may cause inaccurate times.
  • Supply counts are checked every 10 seconds.